 Dungeon Crawl Stone Soup version 0.20-a0-792-g09bcfd3 (webtiles) character file.

134 sankara the Shield-Bearer (level 5, -4/43 HPs)
             Began as a Barachian Fighter on Feb 28, 2017.
             Was an Initiate of Ashenzari.
             Slain by Sigmund
             ... wielding a +2 scythe of venom
              (10 damage)
             ... on level 3 of the Dungeon.
             The game lasted 00:05:20 (2051 turns).

sankara the Shield-Bearer (Barachian Fighter)       Turns: 2051, Time: 00:05:21

Health: -4/43      AC:  9    Str: 17    XL:     5   Next: 17%
Magic:  5/5        EV:  8    Int:  8    God:    Ashenzari [......]
Gold:   140        SH:  0    Dex: 13    Spells: 4/4 levels left

rFire    + . .     SeeInvis .   a - +0 long sword (curse)
rCold    . . .     Gourm    .   s - +3 ring mail {rF+}
rNeg     . . .     Faith    .   c - +0 shield
rPois    +         Spirit   .   (no helmet)
rElec    .         Reflect  .   m - +0 cloak
rCorr    +         Harm     .   (no gloves)
MR       .....                  (no boots)
Stlth    ..........             (no amulet)
Regen    0.2/turn               j - ring of poison resistance
MPRegen  0.1/turn               h - ring of resist corrosion

@: confused, lethally poisoned (-4 -> -5), slow
A: +LOS, swims, blink, slowness 1, wild magic 1, strong legs 1
a: Hop, Blink, Curse Item, Renounce Religion


You were on level 3 of the Dungeon.
You worshipped Ashenzari.
Ashenzari was noncommittal.
You were not hungry.

You visited 1 branch of the dungeon, and saw 3 of its levels.

You collected 140 gold pieces.

Inventory:

Hand Weapons
 a - a cursed +0 long sword (weapon)
Armour
 c - a +0 shield (worn)
 m - a +0 cloak (worn)
 s - a +3 ring mail of fire resistance (worn)
Jewellery
 h - a ring of resist corrosion (left hand)
 j - a ring of poison resistance (right hand)
Scrolls
 b - a scroll of noise {unknown}
 g - a scroll of magic mapping {unknown}
 i - 2 scrolls of fog {unknown}
 l - 2 scrolls of fear {unknown}
 p - 2 scrolls of identify {unknown}
 q - a scroll of immolation {unknown}
Potions
 d - a potion of might
 e - 2 potions of mutation
 k - a potion of lignification
 n - a potion of magic
Comestibles
 f - 2 bread rations
 o - a royal jelly
 r - 3 chunks of flesh
 t - a meat ration


   Skills:
 + Level 4.5 Fighting
 + Level 4.1 Long Blades
 - Level 3.6 Armour
 + Level 4.7 Shields


You had 4 spell levels left.
You didn't know any spells.

Dungeon Overview and Level Annotations

Branches:
Dungeon (3/15)

Altars:
Ashenzari
Cheibriados

Annotations:
D:3 Sigmund


Innate Abilities, Weirdness & Mutations

Shadows flee at your approach. (+LOS)
You can swim through water.
You cover ground slowly.
You can hop short distances.
You can translocate small distances at will.
Your spells are a little harder to cast, but a little more powerful.


Message History

You are confused.
Found 3 fruits.
Something tries to affect you, but you resist.
You bump into the rock wall.
You feel sick.
You bump into the rock wall.
You're too confused to move!
You hear some strange, mumbled words.
You are more confused.
You feel sick.
You hear some strange, mumbled words.
You are more confused.
You're too confused to move!
You hear some strange, mumbled words.
Something tries to affect you, but you resist.
A puff of flame appears from out of thin air!
The puff of flame hits you! You resist.
* * * LOW HITPOINT WARNING * * *
Okay, then.
Something hits you!
You die...

#.###.#########.####..####.
#...........##....))$......
#####.#####.....####..####.
#.# #.##..# ##..#
###.#####.##..#.......
#................#.####
#.#.....{......#.#.#
#.#####.#####........# ..#
#.............@....### #.#
#######.#####........# ..#
####.######...###.# ###
#.<.....(...#.# ...
#..########...# .## #...
##.## . ##.#. %# #.#.# ..
#.# # .#


There were no monsters in sight!

Vanquished Creatures
  Crazy Yiuf (D:2)
  3 adders
  2 oozes
  2 worms
  A dart slug (D:1)
  4 leopard geckos (D:2)
  5 orcs (D:3)
  3 giant cockroaches
  3 hobgoblins
  2 jackals (D:2)
  10 kobolds
  A quokka (D:2)
  9 bats
  A frilled lizard (D:1)
  5 goblins
  6 rats
58 creatures vanquished.

Notes
Turn   | Place    | Note
-------+----------+-------------------------------------------
     0 | D:1      | sankara the Barachian Fighter began the quest for the Orb.
     0 | D:1      | Reached XP level 1. HP: 18/18 MP: 1/1
   177 | D:1      | Reached XP level 2. HP: 25/25 MP: 2/2
   442 | D:1      | Reached XP level 3. HP: 28/30 MP: 3/3
   683 | D:2      | Found a shattered altar of Ashenzari.
   708 | D:2      | Became a worshipper of Ashenzari the Shackled
   892 | D:2      | Found a runed door.
  1249 | D:2      | Reached XP level 4. HP: 36/37 MP: 4/4
  1263 | D:2      | Found a snail-covered altar of Cheibriados.
  1530 | D:2      | Gained mutation: Your spells are a little harder to cast, but a little more powerful. [potion of mutation]
  1530 | D:2      | Gained mutation: You can translocate small distances at will. [potion of mutation]
  1578 | D:2      | Noticed Crazy Yiuf
  1584 | D:2      | Killed Crazy Yiuf
  1797 | D:3      | Reached XP level 5. HP: 43/43 MP: 5/5
  2025 | D:3      | Noticed Sigmund
  2051 | D:3      | Slain by Sigmund

Vault maps used:
D:1:      dpeg_arrival_shrine, minivault_19, st_stairs_13
D:2:      ashenzari_conservatory_becter, cheibriados_altar_1,
          uniq_crazy_yiuf_cottage
D:3:      first_bread, uniq_sigmund, uniq_jessica

Skill      XL: |  1  2  3  4 |
---------------+-------------+-----
Long Blades    | 3 4 |  4.1
Fighting       | 4 |  4.5
Shields        | 4 |  4.7
Armour         | |  3.6

Action                   |  1- 3 |  4- 6 || total
-------------------------+-------+-------++-------
Melee: Long sword        |   119 |    84 ||   203
Invok: Curse Item        |     1 |       ||     1
  Use: Potion            |       |     5 ||     5
  Eat: Chunk             |     2 |     3 ||     5
Armor: Scale mail        |    55 |       ||    55
       Ring mail         |     5 |    23 ||    28
Dodge: Dodged            |    44 |    24 ||    68
Block: Shield            |    81 |    46 ||   127
       Rpst.: Long sword |    16 |     8 ||    24
